 Dungeon Crawl Stone Soup version 0.28.0 (webtiles) character file.

Game seed: 7130018746075715758

1087 browni3141 the Chopper (level 8, -2/71 HPs)
             Began as a Minotaur Berserker on Feb 15, 2022.
             Was a Priest of Trog.
             Slain by a scorpion (5 damage)
             ... on level 5 of the Dungeon.
             The game lasted 00:02:24 (4051 turns).

browni3141 the Chopper (Minotaur Berserker)         Turns: 4051, Time: 00:02:24

Health: -2/71      AC: 10    Str: 24    XL:     8   Next: 9%
Magic:  7/7        EV: 10    Int:  4    God:    Trog [***...]
Gold:   180        SH:  0    Dex: 10    Spells: 7/7 levels left

rFire   . . .      SeeInvis .   a - +0 hand axe
rCold   . . .      Faith    .   (no shield)
rNeg    . . .      Spirit   .   j - +0 chain mail
rPois   .          Reflect  .   (helmet restricted)
rElec   .          Harm     .   (no cloak)
rCorr   .          Rampage  .   (no gloves)
Will    ++...                   (no boots)
Stlth   ..........              (no amulet)
HPRegen 1.21/turn               (no ring)
MPRegen 0.10/turn               (no ring)

@: lethally poisoned (-2 -> -5), strong-willed, on berserk cooldown,
regenerating
A: horns 2, retaliatory headbutt
a: Renounce Religion, Berserk, Trog's Hand


You were on level 5 of the Dungeon.
You worshipped Trog.
Trog was most pleased with you.
You visited 1 branch of the dungeon, and saw 5 of its levels.

You collected 180 gold pieces.

Inventory:

Hand Weapons
 a - a +0 hand axe (weapon)
Armour
 b - a +0 animal skin
 j - a +0 chain mail (worn)
Wands
 m - a wand of digging (2)
Scrolls
 d - a scroll of brand weapon {unknown}
 e - 4 scrolls of identify {unknown}
 f - a scroll of holy word {unknown}
 g - a scroll of enchant armour {unknown}
 h - a scroll of fear {unknown}
 i - a scroll of vulnerability {unknown}
 o - a scroll of enchant weapon {unknown}
Potions
 c - 2 potions of haste {unknown}
 k - a potion of attraction {unknown}
 l - 2 potions of resistance {unknown}
 n - 2 potions of curing {unknown}
 p - a potion of lignification {unknown}


   Skills:
 + Level 6.7 Fighting
 + Level 6.7 Axes
 + Level 6.1 Armour
 + Level 5.5 Dodging


You had 7 spell levels left.
You didn't know any spells.
Your spell library was empty.

Dungeon Overview and Level Annotations

Branches:
Dungeon (5/15)
 Temple: D:4-7

Altars:

Shops:
D:2 *


Innate Abilities, Weirdness & Mutations

You have a pair of horns on your head.
You reflexively headbutt those who attack you in melee.


Message History

The iguana barely misses you.
A scorpion comes into view.
The iguana bites you.
You slash the iguana!
You kill the iguana!
Trog accepts your kill.
You barely miss the scorpion. You headbutt the scorpion.
The scorpion is lightly wounded.
The scorpion stings you but does no damage.
The scorpion stings you.
You are poisoned.
The scorpion poisons you!
You feel very sick.
The scorpion stings you but does no damage.
You see here an iguana corpse.
You feel sick.
The scorpion stings you but does no damage.
You feel yourself speed up.
You feel sick. The scorpion stings you.
* * * LOW HITPOINT WARNING * * *
Your skin crawls.
You feel strong-willed.
You feel sick. The scorpion stings you!
* * * LOW HITPOINT WARNING * * *
You are too injured to fight recklessly!
You are too injured to fight recklessly!
You are too injured to fight recklessly!
You are too injured to fight recklessly!
You slash the scorpion! You headbutt the scorpion.
The scorpion is severely wounded.
You feel sick. The scorpion stings you.
* * * LOW HITPOINT WARNING * * *
You are lethally poisoned!
The scorpion poisons you!
You hit the scorpion.
The scorpion is almost dead.
* * * LOW HITPOINT WARNING * * *
You feel very sick. The scorpion stings you.
You die...

##................).(...
#................(......
##..###......<..........
#### #.............)...
##................
#....##...........
##..##............
##...............
#.....#s@.......
#...............
###...†##......# #.)###
....... #..# ....##.
#?.. ....# ...#. .##...
....... .. ... ##...# .


You could see a scorpion.

Vanquished Creatures
  Grinder (D:3)
  A necrophage (D:4)
  An ogre (D:5)
  A kobold brigand (D:4)
  2 scorpions
  2 water moccasin skeletons
  2 hounds
  Jessica (D:2)
  2 iguanas
  Natasha (thrice) (D:3)
  Terence (D:2)
  2 orc wizards (D:4)
  4 adders
  An adder skeleton (D:4)
  4 worms
  4 dart slugs
  11 orcs
  5 ball pythons
  4 endoplasms
  4 giant cockroaches
  4 goblins
  4 hobgoblins
  4 quokkas
  7 bats
  3 frilled lizards
  24 kobolds
  3 rats
105 creatures vanquished.

Vanquished Creatures (others)
  11 plants
11 creatures vanquished.

Grand Total: 116 creatures vanquished

Notes
Turn   | Place    | Note
-------+----------+-------------------------------------------
     0 | D:1      | browni3141 the Minotaur Berserker began the quest for the
                  | Orb.
     0 | D:1      | Reached XP level 1. HP: 19/19 MP: 0/0
   161 | D:1      | Reached XP level 2. HP: 27/27 MP: 1/1
   837 | D:2      | Noticed Terence
   843 | D:2      | Killed Terence
   844 | D:2      | Reached XP level 3. HP: 33/33 MP: 2/2
  1133 | D:2      | Reached XP level 4. HP: 41/41 MP: 3/3
  1197 | D:2      | Reached ** piety under Trog
  1236 | D:2      | Found Rilyopui's Assorted Antiques.
  1356 | D:2      | Noticed Jessica
  1373 | D:2      | Killed Jessica
  1555 | D:2      | Identified the +1 robe of Broken Taboos {rPois Int+2}
  1663 | D:2      | Found a faded altar of an unknown god.
  2137 | D:3      | Reached XP level 5. HP: 43/47 MP: 4/4
  2202 | D:3      | Noticed Grinder
  2214 | D:3      | Killed Grinder
  2215 | D:3      | Reached skill level 5 in Fighting
  2215 | D:3      | Reached skill level 5 in Axes
  2215 | D:3      | Reached XP level 6. HP: 56/56 MP: 5/5
  2244 | D:3      | Noticed Natasha
  2251 | D:3      | Killed Natasha
  2303 | D:3      | Noticed Natasha
  2314 | D:3      | Killed Natasha
  2369 | D:3      | Noticed Natasha
  2378 | D:3      | Killed Natasha
  2603 | D:4      | Identified the +9 long sword of Freehold {pain, rN+ Str+3}
  2896 | D:4      | Reached skill level 5 in Armour
  2896 | D:4      | Reached XP level 7. HP: 51/62 MP: 6/6
  3234 | D:4      | Reached *** piety under Trog
  3374 | D:4      | Reached skill level 5 in Dodging
  3824 | D:5      | Entered Level 5 of the Dungeon
  4018 | D:5      | Reached XP level 8. HP: 71/71 MP: 7/7
  4051 | D:5      | HP: 3/71 [poisoned by a scorpion]
  4051 | D:5      | Slain by a scorpion

Illustrated notes

Levels and vault maps discovered:
D:1:      psy_arrival_dodecagon, layout_loops_ring, minivault_5
D:2:      layout_basic, serial_shops, shop,
          shapermc_ecumenical_altar_mp_highgroup, kennysheep_generic_room_16,
          uniq_jessica, uniq_terence
D:3:      layout_rooms, minmay_misc_feat_plants, kennysheep_minor_cross,
          uniq_natasha, uniq_grinder
D:4:      kennysheep_kobold_camp, layout_loops_corners
D:5:      corexii_shantytown, layout_cave_pools, uniq_ijyb

Skill      XL: |  1  2  3  4  5  6  7 |
---------------+----------------------+-----
Fighting       | 4 5 6 |  6.7
Axes           | 4 5 6 |  6.7
Armour         | 3 4 5 6 |  6.1
Dodging        | 3 4 5 |  5.5

Action                   |  1- 3 |  4- 6 |  7- 9 || total
-------------------------+-------+-------+-------++-------
Melee: Hand axe          |    51 |   119 |    93 ||   263
       Headbutt          |     9 |    16 |    19 ||    44
       Punch             |     1 |     1 |     4 ||     6
Invok: Berserk           |     1 |     2 |     2 ||     5
       Trog's Hand       |       |     1 |     1 ||     2
Armor: Animal skin       |     9 |       |       ||     9
       Chain mail        |    12 |    60 |    59 ||   131
Dodge: Dodged            |    31 |    48 |    34 ||   113
